 Dungeon Crawl Stone Soup version 0.23.2-33-g5129a83184 (webtiles) character file.

Game seed: 13053976882341691549

462 Blejac999 the Covert (level 6, 0/28 HPs)
             Began as a Felid Monk on July 28, 2019.
             Killed from afar by Grinder (11 damage)
             ... with a wand of flame (15)
             ... while paralysed by Grinder
             ... on level 4 of the Dungeon.
             The game lasted 00:10:39 (5888 turns).

Blejac999 the Covert (Felid Monk)                   Turns: 5888, Time: 00:10:40

Health: 0/28       AC:  2    Str:  7    XL:     6   Next: 79%
Magic:  7/7        EV:  4    Int: 16    God:
Gold:   218        SH:  0    Dex: 21    Spells: 4/5 levels left
                                        Lives:  0   Deaths: 1

rFire    . . .     SeeInvis +     - Unarmed
rCold    . . .     Gourm    .   (shield unavailable)
rNeg     . . .     Faith    .   (armour unavailable)
rPois    .         Spirit   .   (helmet unavailable)
rElec    .         Reflect  .   (cloak unavailable)
rCorr    .         Harm     .   (gloves unavailable)
MR       .....                  (boots unavailable)
Stlth    +++++.....             (no amulet)
HPRegen  0.09/turn              (no ring)
MPRegen  0.10/turn              (no ring)

@: paralysed, brilliant, appendage, quick
A: very small, no armour, no weapons or thrown items, stealth, claws 1, fangs 3,
horns 2, see invisible, carnivore, speed 1, shaggy fur 2, slow metabolism 1,
sharp paws
a: End Transformation


You were on level 4 of the Dungeon.
You were very full.
You had grown temporary horns.
You visited 1 branch of the dungeon, and saw 5 of its levels.

You collected 218 gold pieces.

Inventory:

Jewellery
 f - an uncursed ring of teleportation
Wands
 d - a wand of enslavement (3)
Scrolls
 b - a scroll of remove curse
 e - a scroll of amnesia {unknown}
 h - 2 scrolls of identify {unknown}
 i - a scroll of blinking {unknown}
 j - 2 scrolls of enchant weapon {unknown}
Potions
 c - 2 potions of flight
Comestibles
 a - 11 rations


   Skills:
 + Level 3.5 Fighting
 + Level 5.5 Dodging
 * Level 8.3 Stealth
 + Level 5.5 Unarmed Combat
 + Level 0.1 Evocations


You had 4 spell levels left.
You knew the following spells:

 Your Spells              Type           Power        Failure   Level  Hunger
a - Beastly Appendage     Tmut           #.....       3%          1    ##.....

Your spell library contained the following spells:

 Spells                   Type           Power        Failure   Level  Hunger
 Sticks to Snakes         Tmut           #.......     4%          2    ###....
 Spider Form              Tmut/Pois      #.........   9%          3    ####...
 Ice Form                 Ice/Tmut       #.......     24%         4    #####..
 Blade Hands              Tmut           #.........   52%         5    ######.


Dungeon Overview and Level Annotations

Branches:
Dungeon (5/15)
 Temple: D:4-7

Altars:
Kikubaaqudgha
Qazlal
Trog
Xom

Annotations:
D:3 1 transporter
D:4 Grinder


Innate Abilities, Weirdness & Mutations

You cannot wear armour.
You are incapable of wielding weapons or throwing items.
Your paws allow you to move quietly. (Stealth)
You have sharp claws.
You have razor-sharp teeth.
You have supernaturally acute eyesight. (SInv)
You are carnivorous and can eat meat at any time.
You cover ground quickly.
You are covered in thick fur. (AC +2)
You have a slow metabolism.
Your sharp claws are effective at attacking unaware monsters.
You have a pair of horns on your head.


Message History

You grow a pair of large bovine horns.
Grinder zaps a wand.
The puff of flame hits you.
You claw Grinder! You headbutt Grinder, but do no damage.
You bite Grinder, but do no damage.
Grinder is moderately wounded.
Grinder zaps a wand.
The puff of flame misses you.
You claw Grinder! Your headbutt misses Grinder. Your bite misses Grinder.
Grinder is heavily wounded.
You scratch Grinder. You headbutt Grinder.
Grinder is severely wounded.
Grinder gestures at you.
You suddenly lose the ability to move!
Grinder gestures at you. Pain shoots through your body!
Grinder blinks!
Grinder zaps a wand.
The puff of flame hits you. Grinder gestures at you.
Pain shoots through your body!
Grinder zaps a wand.
The puff of flame hits you!
You die...

#.# #.# # ##### #.# .# #
# #...# #.# .# $. #
#...# #.#..#..8 ## #...#
#:#......
.######...######...#....
.............5.>@......#
.##########.######.#.#.#
..# #.# # #.## #.# ##o#.
#..# #.# .... ##.# #.# .
...# #.# #.# .. #..#
#.## #.# ...##... #..#
### #.# .....####


You could see Grinder.

Vanquished Creatures
  Menkaure (D:4)
  An ice beast (D:3)
  An ogre (D:2)
  Blork the orc (D:4)
  A howler monkey (D:4)
  3 orc priests
  An orc wizard (D:2)
  A worker ant (D:2)
  Robin (D:2)
  6 adders
  An adder skeleton (D:4)
  4 worms (D:3)
  3 dart slugs (D:1)
  4 leopard geckos
  9 orcs
  A ball python (D:3)
  11 bats
  5 giant cockroaches
  14 goblins
  6 hobgoblins
  4 jackals
  6 kobolds
  6 frilled lizards
  A leopard gecko skeleton (D:4)
  8 rats
100 creatures vanquished.

Vanquished Creatures (others)
  An orc priest (D:3)
1 creature vanquished.

Grand Total: 101 creatures vanquished

Notes
Turn   | Place    | Note
-------+----------+-------------------------------------------
     0 | D:1      | Blejac999 the Felid Monk began the quest for the Orb.
     0 | D:1      | Reached XP level 1. HP: 10/10 MP: 2/2
     7 | D:1      | Found a shimmering altar of Xom.
    56 | D:1      | Reached skill level 3 in Stealth
   299 | D:1      | Reached XP level 2. HP: 14/14 MP: 3/3
   998 | D:1      | Reached XP level 3. HP: 17/17 MP: 4/4
  1212 | D:2      | Reached skill level 4 in Stealth
  1397 | D:2      | Noticed an ogre
  1402 | D:2      | Killed an ogre
  1402 | D:2      | Reached skill level 5 in Stealth
  1402 | D:2      | Reached XP level 4. HP: 21/21 MP: 5/5
  1589 | D:2      | Reached XP level 5. HP: 24/24 MP: 6/6
  1649 | D:2      | Noticed Robin
  1662 | D:2      | Killed Robin
  1786 | D:2      | Reached skill level 6 in Stealth
  2858 | D:2      | Reached skill level 5 in Dodging
  3147 | D:3      | Found a transporter.
  3166 | D:3      | Gained mutation: You are covered in thick fur. (AC +2)
                  | [Felid growth]
  3166 | D:3      | Reached XP level 6. HP: 28/28 MP: 7/7
  3398 | D:3      | Found a transporter.
  3518 | D:3      | Noticed a moth of wrath
  3521 | D:3      | Found a bloodstained altar of Trog.
  3899 | D:3      | Reached skill level 7 in Stealth
  4533 | D:3      | Noticed an ice beast
  4551 | D:3      | Killed an ice beast
  4551 | D:3      | Reached skill level 5 in Unarmed Combat
  4863 | D:3      | HP: 1/28 [shadow imp/nerve-wracking pain (7)]
  4864 | D:3      | Killed from afar by a shadow imp
  4865 | D:3      | Reached XP level 5. HP: -2/24 MP: 6/6
  4919 | D:4      | Found an ancient bone altar of Kikubaaqudgha.
  5215 | D:4      | Reached XP level 6. HP: 21/28 MP: 7/7
  5297 | D:4      | Noticed Blork the orc
  5311 | D:4      | Noticed Menkaure
  5317 | D:4      | Killed Menkaure
  5317 | D:4      | Reached skill level 8 in Stealth
  5329 | D:4      | Killed Blork the orc
  5452 | D:4      | Found a stormy altar of Qazlal.
  5636 | D:4      | Learned a level 1 spell: Beastly Appendage
  5744 | D:4      | Noticed Grinder
  5750 | D:5      | Entered Level 5 of the Dungeon
  5881 | D:4      | Paralysed by Grinder for 7 turns
  5888 | D:4      | Killed from afar by Grinder

Skill      XL: |  1  2  3  4  5  6 |
---------------+-------------------+-----
Stealth        | 3 5 6 8 |  8.3
Unarmed Combat | 4 5 |  5.5
Dodging        | 5 |  5.5
Fighting       | |  3.5
Evocations     | |  0.1

Action                   |  1- 3 |  4- 6 || total
-------------------------+-------+-------++-------
Melee: Unarmed           |    80 |   254 ||   334
       Bite              |     7 |    35 ||    42
       Punch             |     2 |     7 ||     9
       Headbutt          |       |     2 ||     2
 Cast: Beastly Appendage |       |     3 ||     3
Evoke: Wand              |       |     2 ||     2
  Use: Potion            |     6 |     6 ||    12
       Scroll            |     2 |     1 ||     3
 Stab: Sleeping          |    11 |    13 ||    24
       Distracted        |       |     2 ||     2
       Betrayed ally     |       |     1 ||     1
  Eat: Chunk             |     8 |    14 ||    22
Armor: Skin              |     2 |     7 ||     9
Dodge: Dodged            |    54 |   189 ||   243
